Cogmind - Beta 13 @@@ ROGUE MODE // 2024.04.18 @ 20:48:46 Player: albenzo Result: Destroyed by as-41252 with Assembled Rifle Performance ------------- Evolutions (0) 0 Regions Visited (4) 800 Robots Destroyed (32) 160 Value Destroyed (731) 731 Prototype IDs (3) 60 Alien Tech Used (0) 0 Bonus (60) 60 TOTAL SCORE: 1811 Bonus ------- Follower Combat Kills 60 Cogmind --------- Core Integrity 0/250 Matter 300/300 Energy 100/100 System Corruption 0% Temperature Cool (33) Movement Walking (120) Location -9/Mines Parts ------- > --- POWER (1) -------- (None) > --- PROPULSION (2) --- Aluminum Leg Aluminum Leg > --- UTILITY (2) ------ Medium Storage Unit > --- WEAPON (2) ------- Particle Gun Makeshift Laser > --- INVENTORY (10) --- Ion Engine Aluminum Leg Aluminum Leg Improved Heat Sink Small Storage Unit Structural Scanner Medium Laser Medium Laser Rocket Launcher Makeshift Axe Peak State ------------ > --- POWER ------------ Light Nuclear Core > --- PROPULSION ------- Aluminum Leg Aluminum Leg > --- UTILITY ---------- Medium Storage Unit Seismic Detector > --- WEAPON ----------- Particle Gun Makeshift Laser > --- INVENTORY -------- Ion Engine Aluminum Leg Aluminum Leg Improved Heat Sink Small Storage Unit Structural Scanner Medium Laser Medium Laser Medium Laser Rocket Launcher [Rating: 14] Favorites ----------- Power Light Nuclear Core Engine Light Ion Engine Power Core Light Nuclear Core Propulsion Aluminum Leg Treads Light Treads Leg Aluminum Leg Utility Seismic Detector Device Seismic Detector Storage Medium Storage Unit Weapon Assault Rifle Energy Gun Particle Gun Energy Cannon Beam Cannon Ballistic Gun Assault Rifle Launcher Rocket Launcher Build | -11 -10 -10 -10 -9 ------- Run | Yrd Mat Min Exi Min Slots Evolved . | . . . . . Power . | . . . . . Propulsion . | . . . . . Utility . | . . . . . Weapon . | . . . . . Parts Attached 33 | 7 17 6 3 . Power 4 | 1 3 . . . Engine 3 | 1 2 . . . Core 1 | . 1 . . . Reactor . | . . . . . Propulsion 7 | 2 3 2 . . Treads 2 | 2 . . . . Leg 5 | . 3 2 . . Wheel . | . . . . . Hover . | . . . . . Flight . | . . . . . Utility 4 | 2 1 . 1 . Device 2 | 1 . . 1 . Storage 2 | 1 1 . . . Processor . | . . . . . Hackware . | . . . . . Protection . | . . . . . Artifact . | . . . . . Weapon 18 | 2 10 4 2 . Energy Gun 5 | 1 2 . 2 . Energy Cannon 3 | . 1 2 . . Ballistic Gun 7 | 1 6 . . . Ballistic Cannon . | . . . . . Launcher 3 | . 1 2 . . Special Weapon . | . . . . . Impact Weapon . | . . . . . Slashing Weapon . | . . . . . Piercing Weapon . | . . . . . Special Melee Weapon . | . . . . . Unidentified Prototypes 1 | . . . 1 . Parts Lost 7 | . 5 . . 2 Power 1 | . . . . 1 Propulsion 2 | . 2 . . . Utility 1 | . . . . 1 Weapon 3 | . 3 . . . Highest Loss Streak 2 | . 2 . . 2 To Critical Strikes 1 | . . . . 1 Average Slot Usage (%) 99 | . 99 100 100 100 Engine 4 | . 11 . . . Core 9 | . 2 14 14 14 Treads 7 | . 20 . . . Leg 20 | . 7 28 28 28 Device 14 | . 14 14 14 14 Storage 14 | . 14 14 14 14 Energy Gun 10 | . . 9 18 28 Energy Cannon 4 | . . 13 5 . Ballistic Gun 9 | . 26 . . . Launcher 2 | . . 5 4 . Naked Turns . | . . . . . Heaviest Build 23 | 13 22 23 23 21 Greatest Support 40 | 40 40 20 20 20 Greatest Overweight (x) 1 | . 1 1 1 1 Average Overweight (x) . | . . 1 . 1 Largest Inventory Capacity 10 | 8 10 10 10 10 Average Capacity 9 | 7 9 10 10 10 Most Carried 10 | 7 10 10 10 10 Average Carried 9 | 4 9 10 9 10 Final Capacity 10 | 8 10 10 10 10 Final Carried 10 | 6 10 10 10 10 Class Distribution -------------------- 39% | Commander-Mutant 35% | Mutant 25% | Scavenger-Mutant Dominant Class ---------------- Mutant | -10/Materials Scavenger-Mutant | -10/Mines Commander-Mutant | -10/Exiles Commander-Mutant | -9/Mines Resources | -11 -10 -10 -10 -9 ----------- Run | Yrd Mat Min Exi Min Matter Collected 960 | 215 534 165 16 30 Remotely . | . . . . . Salvage Created 949 | 30 634 179 106 . Parts 70 | 2 42 17 9 . Haulers Intercepted 1 | . 1 . . . Recyclers Shooed . | . . . . . Parts Field Recycled . | . . . . . Retrieved Matter . | . . . . . Parts Self-Destructed . | . . . . . Prevented . | . . . . . Kills | -11 -10 -10 -10 -9 ------- Run | Yrd Mat Min Exi Min Combat Hostiles Destroyed 27 | . 16 11 . . Guns 18 | . 13 5 . . Cannons 2 | . . 2 . . AOE 7 | . 3 4 . . Classes Destroyed 6 | 1 5 . . . Worker 1 | . 1 . . . Tunneler 1 | 1 . . . . Hauler 1 | . 1 . . . Watcher 2 | . 2 . . . Swarmer 12 | . 3 9 . . Grunt 15 | . 13 2 . . Best Kill Streak 4 | 1 4 3 . . Combat Bots Only 3 | . 3 3 . . Max Kills in Single Turn 3 | 1 2 3 . . Gunslinging . | . . . . . Exploded 3 | . 2 3 . . Melee . | . . . . . Uniques/NPCs Destroyed . | . . . . . Combat | -11 -10 -10 -10 -9 -------- Run | Yrd Mat Min Exi Min Hostile Shots Fired 141 | . 99 36 . 6 Missed 24 | . 10 13 . 1 Damage Taken 1444 | . 1064 203 . 177 Core 255 | . 165 62 . 28 Absorbed by Shields . | . . . . . Core Remaining (%) 100 | 100 . . . . Volleys Fired 87 | 1 68 15 2 1 Largest 2 | 2 2 2 2 2 Hottest 125 | 70 40 125 125 115 Shots Fired 165 | 2 133 24 4 2 Gun 148 | 2 131 11 2 2 Cannon 11 | . . 9 2 . Launcher 6 | . 2 4 . . Special . | . . . . . Kinetic 132 | 1 131 . . . Thermal 27 | 1 . 20 4 2 Explosive 6 | . 2 4 . . Electromagnetic . | . . . . . Robot Hit Streak 12 | 2 12 4 5 7 Robot Miss Streak 4 | . 4 2 . . Penetration Max . | . . . . . Secondary Targets 1 | . 1 . . . Max Gunslinging Chain 1 | . 1 . . . Shots Hit Robots 110 | 2 92 11 3 2 Core Hits 55 | 1 40 11 2 1 Critical Kills . | . . . . . Critical Parts Destroyed . | . . . . . Critical Strikes 2 | . . 2 . . Burn 2 | . . 2 . . Melee Attacks . | . . . . . Impact . | . . . . . Slashing . | . . . . . Piercing . | . . . . . Sneak Attacks . | . . . . . Combat Hostiles . | . . . . . Follow-up Attacks . | . . . . . Damage Inflicted 1813 | 24 1311 394 52 32 Guns 1308 | 24 1123 94 35 32 Cannons 88 | . . 71 17 . Explosions 417 | . 188 229 . . Melee . | . . . . . Ramming . | . . . . . Kinetic 1135 | 12 1123 . . . Thermal 261 | 12 . 165 52 32 Explosive 417 | . 188 229 . . Electromagnetic . | . . . . . Impact . | . . . . . Slashing . | . . . . . Piercing . | . . . . . Highest Corruption . | . . . . . Average Corruption . | . . . . . Corruption Purged . | . . . . . Corruption Blocked . | . . . . . Overload Shots . | . . . . . Overflow Damage 9 | . . 9 . . Projectiles . | . . . . . Explosions 9 | . . 9 . . Melee . | . . . . . Knockbacks . | . . . . . Impact . | . . . . . Kinetic . | . . . . . Secondary . | . . . . . Self-Inflicted Damage . | . . . . . Shots . | . . . . . Rammed . | . . . . . Targets Rammed . | . . . . . Kicked . | . . . . . Crushed . | . . . . . Highest Temperature 293 | 9 24 293 69 33 Average Temperature 72 | 6 7 111 35 26 Received Heat Transfer 621 | . 594 27 . . Effects 1 | . . 1 . . Interference 1 | . . 1 . . Siege Activations . | . . . . . Robots Corrupted . | . . . . . Combat Hostiles . | . . . . . Parts Fried . | . . . . . Impact Corruptions . | . . . . . Robots Melted . | . . . . . Combat Hostiles . | . . . . . Parts Melted 3 | . . 2 1 . Heat Transferred 740 | 37 . 518 111 74 Parts Sabotaged . | . . . . . Parts Stolen . | . . . . . Parts Stripped . | . . . . . Power Chain Reactions . | . . . . . Alert | -11 -10 -10 -10 -9 ------- Run | Yrd Mat Min Exi Min Peak Influence 216 | 5 179 216 . 66 Initial 69 | . 3 69 . . Average 99 | 2 91 140 . 57 Maximum Alert Level 1 | . . 1 . . Low Security (%) 93 | 100 100 79 . 100 Level 1 6 | . . 20 . . Level 2 . | . . . . . Level 3 . | . . . . . Level 4 . | . . . . . Level 5 . | . . . . . High Security . | . . . . . Max Security . | . . . . . Squads Dispatched 3 | . 3 . . . Investigation 3 | . 3 . . . Extermination . | . . . . . Reinforcement . | . . . . . Assault . | . . . . . Garrison . | . . . . . Intercept . | . . . . . Searches Triggered . | . . . . . Construction Impeded . | . . . . . Haulers Reinforced . | . . . . . Active Scanning Responses . | . . . . . Cargo Convoy Interrupts . | . . . . . Stealth | -11 -10 -10 -10 -9 --------- Run | Yrd Mat Min Exi Min Distress Signals . | . . . . . Communications Jammed . | . . . . . Distress Signals . | . . . . . Times Spotted 54 | . 20 11 . 23 Peak Tracking Total 20 | . 4 3 . 20 Tactical Retreats 1 | . . . . 1 Traps | -11 -10 -10 -10 -9 ------- Run | Yrd Mat Min Exi Min Traps Triggered 2 | . 2 . . . Indirectly . | . . . . . Trap Hack Attempts . | . . . . . Triggered . | . . . . . Disarmed . | . . . . . Reprogrammed . | . . . . . Reused . | . . . . . Traps Extracted . | . . . . . Installed . | . . . . . Triggered . | . . . . . Machines | -11 -10 -10 -10 -9 ---------- Run | Yrd Mat Min Exi Min Machines Disabled 2 | . 1 1 . . Max in Single Turn 1 | . 1 1 . . Machines Repaired . | . . . . . Machines Dismantled . | . . . . . Machines Sabotaged . | . . . . . Overloaded Fab Kills . | . . . . . Hacking | -11 -10 -10 -10 -9 --------- Run | Yrd Mat Min Exi Min Machines Accessed 14 | . 10 . 4 . Terminals 8 | . 8 . . . Fabricators . | . . . . . Repair Stations 1 | . 1 . . . Recycling Units 1 | . 1 . . . Scanalyzers . | . . . . . Garrison Access . | . . . . . Total Hacks 81 | . 32 . 49 . Successful 61 | . 12 . 49 . Failed 20 | . 20 . . . Catastrophic . | . . . . . Database Lockouts . | . . . . . Manual 25 | . 24 . 1 . Terminals 24 | . 24 . . . Fabricators . | . . . . . Repair Stations 4 | . 4 . . . Recycling Units 4 | . 4 . . . Scanalyzers . | . . . . . Garrison Access . | . . . . . Terminal Hacks 57 | . 8 . 49 . Record 49 | . . . 49 . Part Schematic 2 | . 2 . . . Prototype ID Bank 1 | . 1 . . . Branch Access Points 1 | . 1 . . . Terminal Index 1 | . 1 . . . Alert Level 1 | . 1 . . . Patrol Status 1 | . 1 . . . Hauler Manifests 1 | . 1 . . . Fabricator Hacks . | . . . . . Repair Station Hacks 1 | . 1 . . . Scan Component 1 | . 1 . . . Recycling Unit Hacks . | . . . . . Scanalyzer . | . . . . . Garrison Access Hacks . | . . . . . Unauthorized Hacks 3 | . 3 . . . Terminals 2 | . 2 . . . Assimilate 1 | . 1 . . . Operators 1 | . 1 . . . Fabricators . | . . . . . Repair Stations . | . . . . . Recycling Units 1 | . 1 . . . Reject 1 | . 1 . . . Scanalyzers . | . . . . . Garrison Access . | . . . . . Data Cores Recovered . | . . . . . Used . | . . . . . Hacking Detections 10 | . 10 . . . Full Trace Events 2 | . 2 . . . Feedback Events . | . . . . . Feedback Blocked . | . . . . . Robot Schematics Acquired . | . . . . . Robots Built . | . . . . . Authchips . | . . . . . Time . | . . . . . Total Robot Build Rating . | . . . . . Part Schematics Acquired 2 | . 2 . . . Parts Built . | . . . . . Authchips . | . . . . . Time . | . . . . . Total Part Build Rating . | . . . . . Parts Repaired . | . . . . . Time . | . . . . . Parts Recycled . | . . . . . Recycled Matter . | . . . . . Retrieved Matter . | . . . . . Retrieved Components . | . . . . . Parts Scanalyzed . | . . . . . Part Schematics Acquired . | . . . . . Parts Damaged . | . . . . . Bothacking | -11 -10 -10 -10 -9 ------------ Run | Yrd Mat Min Exi Min Used RIF Installer . | . . . . . Robots Hacked . | . . . . . Non-combat . | . . . . . Combat . | . . . . . Robot Hacks Applied . | . . . . . Relay Couplers Released . | . . . . . Fabnet Peak Effective % . | . . . . . Robots Rewired 3 | . . . 3 . Allies Hacked . | . . . . . Hacks Repelled . | . . . . . Allies | -11 -10 -10 -10 -9 -------- Run | Yrd Mat Min Exi Min Total Allies 7 | . 1 3 3 . Largest Group 7 | . 1 4 7 7 Highest-Rated Group 73 | . 10 49 73 73 Highest-Rated Ally 16 | . 10 16 16 16 Total Orders . | . . . . . Ally Attacks 24 | . . . . 24 Total Damage 293 | . . . . 293 Kills 5 | . . . . 5 Allies Corrupted . | . . . . . Allies Melted . | . . . . . Intel | -11 -10 -10 -10 -9 ------- Run | Yrd Mat Min Exi Min Robot Analysis Total . | . . . . . Derelict Logs Recovered 1 | . . 1 . . Drone Launches . | . . . . . Drone Recoveries . | . . . . . Exploration | -11 -10 -10 -10 -9 ------------- Run | Yrd Mat Min Exi Min Turns Passed 3833 | 97 1352 778 1341 265 Spaces Moved 1903 | 50 659 379 680 135 Core 2 | 2 . . . . Treads 486 | 48 438 . . . Legs 1415 | . 221 379 680 135 Wheels . | . . . . . Hover . | . . . . . Flight . | . . . . . Fastest Speed 50 | 50 120 190 120 190 Average Speed 175 | 155 149 190 189 190 Slowest Speed 190 | 160 190 190 190 190 Overloaded Moves . | . . . . . Propulsion Burnouts . | . . . . . Robots Hopped . | . . . . . Cave-ins Triggered . | . . . . . Time Travels 1 | . . . 1 . Exploration Rate (%) 61 | 4 96 81 93 31 Regions Visited 4 Branch Regions 3 Pre-discovered Areas 2 | . . 1 1 . Known Exits Taken 1 | . 1 . . . Unknown Exits Taken 3 | 1 . 1 1 . Scrap Searched 2 | . . 1 . 1 Spaces Dug . | . . . . . Terrain Destroyed 31 | . 11 20 . . Melee . | . . . . . Projectile . | . . . . . AOE 31 | . 11 20 . . Terrain Rammed . | . . . . . Walls Destroyed . | . . . . . Machines Disabled . | . . . . . Actions | -11 -10 -10 -10 -9 --------- Run | Yrd Mat Min Exi Min Total 2248 | 65 901 414 726 142 Wait 134 | . 117 11 . 6 Move 1899 | 49 658 378 679 135 Hop . | . . . . . Pick Up 29 | 8 19 1 1 . Fast Attach 12 | 5 5 . 2 . Attach 7 | 2 5 . . . Detach 3 | . 3 . . . Swap 14 | . 7 6 1 . Drop 25 | . 19 3 3 . Fire 87 | 1 68 15 2 1 Melee . | . . . . . Ram . | . . . . . Kick . | . . . . . Crush . | . . . . . Escape Stasis . | . . . . . Rewire 38 | . . . 38 . Trap . | . . . . . Miscellaneous . | . . . . . Route ------- -11/Scrapyard -10/Materials (discovered 4 exits: [*Mat x3] / *Min) -10/Mines (discovered 3 exits: [*Mat x2] / *Exi) -10/Exiles -9/Mines History --------- Turn | Location | Event 2 | -11/Scrapyard | Met Revision 17 66 | -11/Scrapyard | Discovered new exit (range 12) 98 | -11/Scrapyard | Entered Materials 317 | -10/Materials | Build established: Mutant 715 | -10/Materials | Discovered new exit (range 16) 766 | -10/Materials | Identified exit to Mines 1074 | -10/Materials | Core integrity fell below 50% 1184 | -10/Materials | Discovered new exit (range 8) 1344 | -10/Materials | Discovered new exit (range 16) 1450 | -10/Materials | Entered Mines 1450 | -10/Mines | Accompanied by 1 ally 1555 | -10/Mines | Deemed a non-threat by the Exiles lab entrance 1555 | -10/Mines | Discovered new exit (range 5) 1637 | -10/Mines | Build established: Scavenger-Mutant 1690 | -10/Mines | Core integrity fell below 20% 1783 | -10/Mines | Discovered new exit (range 11) 1832 | -10/Mines | Learned location of Zion (-6) 1839 | -10/Mines | Received a Rocket Launcher from a helpful Derelict 1914 | -10/Mines | Discovered new exit (range 5) 2066 | -10/Mines | Assisted by bots powering up and referring to "LRC-V3" 2228 | -10/Mines | Entered Exiles 2228 | -10/Exiles | Found Exiles lab destroyed 2228 | -10/Exiles | Accompanied by 4 allies 2598 | -10/Exiles | Build established: Commander-Mutant 3177 | -10/Exiles | Discovered new exit (range 12) 3366 | -10/Exiles | Opened EX-Vault 3378 | -10/Exiles | Found Prototype Device 3378 | -10/Exiles | Identified Chronowheel 3378 | -10/Exiles | Activated Chronowheel 3378 | -10/Exiles | Spacetime reconverged on an earlier point 3569 | -10/Exiles | Entered Mines 3569 | -9/Mines | Accompanied by 7 allies 3809 | -9/Mines | Assembled infested the area 3814 | -9/Mines | Assisted by a Guerilla fighting off Assembled 3834 | -9/Mines | Destroyed by as-41252 with Assembled Rifle Last Messages --------------- 03816_ as-50161 suffers critical hit (Destroy). 03816_ as-50161 destroyed. 03817_ Mercenary 1c destroyed. 03817_ Trooper 1a destroyed. 03818_ as-42227 destroyed. 03818_ Mercenary 1b destroyed. 03821_ as-88525 destroyed. 03821_ HV Slug penetrates as-30816. 03821_ as-30816 destroyed. 03823_ as-86239 destroyed. 03830_ C-30 ARC bursts open, deploying its payload. 03830_ D-53 Grenadier unfolds itself. 03832_ Laser Drill disabled. 03832_ U-05 Engineer destroyed. 03832_ as-32443 sneak attacks. 03833_ Lgt. Nuclear Core destroyed. 03834_ Technician 1a destroyed. 03834_ T-07 Excavator destroyed. 03834_ Critical hit (Destroy). 03834_ Seismic Detector destroyed. Map ----- +----------------------------------------------------+ | ??????????????????????????????? ##?????????????? | | ??????????????????????????????? ##????????????? | | ??????????????????????????????? #????????????? | | ??????????????????????????????? ###??????????? | | ??????????????????????????????? ???????????? | | ??????????????????????????????? ????????????? | | ??????????????????????????????? #?????????????? | | ?????????????????????????????## ##????????????? | | ????????????????????????????## ####?????????? | | ???????????????????????????## ??????????? | | ??????????????????########## #?????????????? | | ??????????????????# #??????????????? | | #?????????????????# #???????????????? | | ?????############# ######## ##???????????????? | | #?????# #??????## ##????????????????? | | ####### #############???????# #?????????????????? | | #?????????????????###u #?????????????????? | | #????????????????## #?????????????????? | | ########?????????????## ##??#?????????????? | | ##### ##???????????## ## ####??????????? | | ### ####????????# #??????? | | ### #???????## """ #?????? | | ##?# ######### """ ???? | | #??## ### t = "" ##????? | | ????## ##?# % #??????? | | ?????###???########### @ dd # ### #??????? | | ?????????????????????## ! ###??? ##??????? | | ??????????????????????# #??????##???????? | | #########?????????????# #???????????????? | | #?????????????## %= #???????????????? | | #??????????????# |# ### ??????????????? | | """ """ #??????????????# a###???####?????????????? | | """ """ #????????????###a #??????????????????????? | | """ """ #????????????# a #??????????????????????? | | #????????????#!! #??????????????????????? | | #????????????#=a###??????????????????????? | | #????????????#%a#????????????????????????? | | #########????????????#%%#????????????????????????? | | ?????????????????????#=a#????????????????????????? | | ?????????????????????#%%#????????????????????????? | | ?????????????????????#=!#????????????????????????? | | ?????????????????????#*%#????????????????????????? | | ?????????????????????#[[#????????????????????????? | | ?????????????????????#=%#????????????????????????? | | ?????????????????????# !#????????????????????????? | | ?????????????????????#%$#????????????????????????? | | ????????????????????? ????????????????????????? | | ????????????????????? ????????????????????????? | | ????????????????????? ????????????????????????? | | ????????????????????? ????????????????????????? | +----------------------------------------------------+ Best States ------------- Heat Dissipation 25 Energy Generation 14 Energy Capacity 250 Matter Stores 300 Matter Capacity 300 Sight Range 16 Terrain Scan Density 10 Evasion (%) 55 Recoil Reduction 2 Item Schematics ----------------- Med. Storage Unit | -10/Materials | Hacked Structural Scanner | -10/Materials | Hacked Robot Schematics ------------------ None Fabricated ------------ Nothing Alien Tech Used ----------------- None Achievements -------------- None Challenges ------------ None Game ------ Seed ReinforcedFireAutobeam Manual? 0 Play Time 00:24:43 Cumulative 116.9 hours Start 2024.04.18 @ 20:24:03 End 2024.04.18 @ 20:48:46 Sessions 1 Manual Loads 0 Difficulty Rogue Special Mode None Game No. 99 Rogue 99 Adventurer 0 Explorer 0 Win Type - Total 7 Types 6/0/1/0/0/0/0/0/0 Lore% 64 Gallery% 64 Achievement% 57 Wizard Run 0 Options --------- Layout 0 ASCII 0 Keyboard 1 Movement Vi Keybinds 0 Fullscreen 1 Font 24/Smallcaps Map View 76x50 Zoom Use 0% Tactical HUD 1 Map Filters NONE Filters NONE Steam 1 RUN: b50f7423-4c2f-44dd-8662-3510d327deac